 Dungeon Crawl Stone Soup version 0.30.1-3-gfc49f6343a (webtiles) character file.

Game seed: 9873831375372070378

13818 sleevener the Fiendish (level 11, 0/78 HPs)
             Began as a Demonspawn Brigand on Aug 8, 2023.
             Was a Priest of Makhleb.
             Slain by a demonic crawler (12 damage)
             ... on level 2 of the Lair of Beasts.
             The game lasted 01:37:14 (11211 turns).

sleevener the Fiendish (Demonspawn Brigand)        Turns: 11211, Time: 01:37:14

Health: 0/78       AC: 14    Str: 18    XL:     11   Next: 80%
Magic:  17/17      EV: 10    Int: 13    God:    Makhleb [***...]
Gold:   404        SH: 12    Dex: 27    Spells: 15/18 levels left

rFire   . . .        b - +4 falchion of Makhleb's Displeasure {venom, Str+3}
rCold   . . .        I - +0 kite shield
rNeg    . . .        y - +0 chain mail "Hero's Friend" {rPois rCorr}
rPois   +            (no helmet)
rElec   .            g - +0 cloak
rCorr   +            (no gloves)
SInv    .            (no boots)
Will    .....        L - amulet of the acrobat
Stlth   +            V - +6 ring of dexterity
HPRegen 0.33/turn    E - +6 ring of dexterity
MPRegen 0.15/turn

%: acrobat
@: no status effects
A: hooves 2, thin metallic scales 2, ignite blood 1
a: Renounce Religion, Minor Destruction, Lesser Servant of Makhleb


You were on level 2 of the Lair of Beasts.
You worshipped Makhleb.
Makhleb was most pleased with you.
You visited 4 branches of the dungeon, and saw 13 of its levels.

You collected 857 gold pieces.
You spent 453 gold pieces at shops.

Inventory:

Hand Weapons
 a - the +5 woodcutter's axe
   (You took it off an orc priest on level 7 of the Dungeon)
 b - the +4 falchion of Makhleb's Displeasure (weapon) {venom, Str+3}
   (You found it on level 2 of the Dungeon)

   Str:       It affects your strength (+3).
 e - a +2 dagger of freezing
 B - a +0 dagger of venom
Missiles
 d - 16 poisoned darts (quivered)
 N - 2 curare-tipped darts
 S - 4 atropa-tipped darts
Armour
 g - a +0 cloak (worn)
 y - the +0 chain mail "Hero's Friend" (worn) {rPois rCorr}
   (You found it on level 3 of the Dungeon)

   rPois:     It protects you from poison.
   rCorr:     It protects you from acid and corrosion.
 F - a +1 robe of willpower
 I - a +0 kite shield (worn)
 P - a +0 scale mail of cold resistance
 R - +0 acid dragon scales
Jewellery
 c - a +4 ring of protection
 t - a ring of poison resistance
 E - a +6 ring of dexterity (right hand)
 L - an amulet of the acrobat (around neck)
 T - an amulet of guardian spirit
 V - a +6 ring of dexterity (left hand)
Wands
 j - a wand of roots (7)
 p - a wand of polymorph (4)
 w - a wand of mindburst (5)
 K - a wand of flame (14)
 O - a wand of paralysis (1)
 Y - a wand of light (3)
Scrolls
 f - a scroll of poison
 l - 3 scrolls of vulnerability {unknown}
 n - 4 scrolls of fog
 o - 2 scrolls of magic mapping {unknown}
 q - a scroll of immolation {unknown}
 r - 5 scrolls of teleportation
 x - a scroll of enchant weapon {unknown}
 C - a scroll of silence {unknown}
 G - 3 scrolls of fear
 U - 2 scrolls of blinking {unknown}
Potions
 i - 5 potions of mutation {unknown}
 k - 4 potions of heal wounds
 m - a potion of ambrosia {unknown}
 s - a potion of berserk rage {unknown}
 u - 4 potions of magic
 v - 3 potions of resistance
 z - a potion of flight {unknown}
 A - 6 potions of attraction {unknown}
 D - 2 potions of invisibility {unknown}
 H - 4 potions of might {unknown}
 J - 2 potions of lignification {unknown}
 M - a potion of haste {unknown}
 Q - 2 potions of degeneration {unknown}
 W - a potion of experience {unknown}
 Z - a potion of cancellation {unknown}
Miscellaneous
 X - a phial of floods


   Skills:
 - Level 4.8 Fighting
 - Level 2.4(5.7) Short Blades
 - Level 8.2(8.4) Long Blades
 - Level 3.4 Throwing
 + Level 6.6 Armour
 - Level 5.5 Dodging
 - Level 5.0 Stealth
 + Level 6.2 Shields
 * Level 4.1 Spellcasting
 * Level 2.5 Hexes
 * Level 1.1 Ice Magic
 - Level 9.0 Invocations
 - Level 4.4 Evocations


You had 15 spell levels left.
You knew the following spells:

 Your Spells              Type           Power      Damage    Failure   Level
e - Ensorcelled Hibernat  Hex/Ice        14%        N/A       95%         2
s - Slow                  Hex            36%        N/A       78%         1

Your spell library contained the following spells:

 Spells                   Type           Power      Damage    Failure   Level
 Beastly Appendage        Tmut           4%         N/A       98%         1
 Confusing Touch          Hex            9%         N/A       98%         3
 Tukima's Dance           Hex            9%         N/A       98%         3
 Lesser Beckoning         Tloc           4%         N/A       99%         2
 Sublimation of Blood     Necr           2%         N/A       99%         2
 Wereblood                Tmut           2%         N/A       99%         2
 Gell's Gravitas          Tloc           2%         N/A       100%        3
 Spider Form              Tmut/Pois      2%         N/A       100%        3
 Teleport Other           Tloc           2%         N/A       100%        3
 Vampiric Draining        Necr           2%         2d6       100%        3
 Anguish                  Hex/Necr       3%         N/A       100%        4
 Passage of Golubria      Tloc           2%         N/A       100%        4
 Petrify                  Tmut/Erth      2%         N/A       100%        4
 Irradiate                Conj/Tmut      1%         3d12      100%        5
 Summon Forest            Summ/Tloc      1%         N/A       100%        5
 Yara's Violent Unravell  Hex/Tmut       3%         3d4       100%        5
 Eringya's Noxious Bog    Tmut/Pois      1%         N/A       100%        6
 Simulacrum               Ice/Necr       2%         N/A       100%        6
 Ozocubu's Refrigeration  Ice            2%         4d8       100%        7
 Summon Hydra             Summ           1%         N/A       100%        7
 Polar Vortex             Ice            2%         N/A       100%        9


Dungeon Overview and Level Annotations

Branches:
Dungeon (9/15)             Temple (1/1) D:6            Lair (2/5) D:9
 Spider (0/4) Lair:2          Orc (1/2) D:9
  Swamp: Lair:2-3    Shoals: Lair:2-3

Altars:
Ashenzari
Cheibriados
Dithmenos
Fedhas
Gozag
Hepliaklqana
Kikubaaqudgha
Makhleb
Okawaru
Qazlal
Ru
Sif Muna
Trog
Uskayaw
Vehumet
Wu Jian
Xom
Yredelemnul

Shops:
D:5 !   D:8 *

Annotations:
D:3 3 runed translucent doors, zzuzz's ghost, amateur TrTm


Innate Abilities, Weirdness & Mutations

You have hoof-like feet.
You are mostly covered in thin metallic scales. (AC +3)
Your demonic aura sometimes causes spilled blood to erupt in flames.


Message History

Unknown command.
You hit the demonic crawler but do no damage.
You block the demonic crawler's attack. x2
The demonic crawler hits you but does no damage.
You hit the demonic crawler.
You kick the demonic crawler, but do no damage.
The demonic crawler is lightly wounded.
You block the demonic crawler's attack. The demonic crawler hits you! x2
Unknown command.
You barely miss the demonic crawler.
You block the demonic crawler's attack. x2
The demonic crawler misses you.
The demonic crawler completely misses you.
The demonic crawler hits you!
The demonic crawler hits you but does no damage.
Aiming: Mindburst
Press: ? - help, Shift-Dir - straight line, f - demonic crawler
Aim: a demonic crawler (poisoned, chance to affect: 49%)
The demonic crawler resists with some effort.
You block the demonic crawler's attack. The demonic crawler barely misses you.
The demonic crawler hits you.
Aiming: Paralyse
Press: ? - help, Shift-Dir - straight line, f/p - demonic crawler
Aim: a demonic crawler (poisoned, chance to affect: 26%)
The demonic crawler easily resists.
You block the demonic crawler's attack. The demonic crawler hits you.
You block the demonic crawler's attack.
Aiming: Paralyse
Press: ? - help, Shift-Dir - straight line, f/p - demonic crawler
Aim: a demonic crawler (poisoned, chance to affect: 26%)
The demonic crawler easily resists.
The demonic crawler closely misses you. x2
The demonic crawler hits you!
Aiming: Paralyse
Press: ? - help, Shift-Dir - straight line, f/p - demonic crawler
Aim: a demonic crawler (poisoned, chance to affect: 26%)
The demonic crawler easily resists.
The demonic crawler hits you! The demonic crawler hits you.
* * * LOW HITPOINT WARNING * * *
The demonic crawler hits you!
* * * LOW HITPOINT WARNING * * *
The demonic crawler hits you!
You die...

..... .... ..# . ...
..### .. #... ...#.#
...##...###...#
#..#.#.#....#
...#....#...#.#
#............>@.....#
##.........#...s#...##
#.........#..#.#....#
#........###...###.##
#.........##...##...#
#..................##
#........P#..†..####
##............)..#
#.....###........#


You could see a demonic crawler (poisoned).

Vanquished Creatures
  2 two-headed ogres (D:7)
  A cyclops (D:7)
  5 cane toads
  A kobold demonologist (D:7)
  A freezing wraith (D:7)
  2 komodo dragons
  2 polar bears
  3 trolls (D:7)
  Sigmund (D:2)
  A slime creature (D:7)
  3 wyverns
  9 yaks
  A wraith (D:7)
  A basilisk (D:7)
  3 steam dragons
  A vampire mosquito (D:7)
  2 acid dragons
  A water moccasin (D:8)
  9 orc warriors
  A sky beast (D:7)
  A black bear (Lair:1)
  An ice beast (D:6)
  4 ogres
  3 wolves
  2 centaurs
  2 phantoms (D:5)
  2 kobold brigands
  3 bullfrogs
  2 gnoll sergeants
  9 scorpions
  6 wights
  13 killer bees
  5 howler monkeys
  10 orc priests
  6 hounds
  2 jellies
  A gnoll bouda (D:4)
  2 sleepcaps
  Terence (D:2)
  4 iguanas
  16 orc wizards
  A scorpion zombie (D:3)
  5 hell rats (Lair:2)
  A howler monkey zombie (D:3)
  9 adders
  19 gnolls
  2 shadow imps
  2 white imps
  2 ufetubi
  A worm (D:2)
  4 dart slugs
  41 orcs
  4 ball pythons
  5 bats
  9 endoplasms
  4 giant cockroaches
  5 hobgoblins
  2 jackals (D:2)
  12 kobolds
  4 quokkas
  3 frilled lizards
  5 goblins
  4 rats
289 creatures vanquished.

Notes
Turn   | Place    | Note
-------+----------+-------------------------------------------
     0 | D:1      | sleevener the Demonspawn Brigand began the quest for the
                  | Orb.
     0 | D:1      | Reached XP level 1. HP: 16/16 MP: 1/1
    69 | D:1      | Reached skill level 1 in Dodging
   216 | D:1      | Gained mutation: You have large cloven feet. [demonic
                  | ancestry]
   216 | D:1      | Reached XP level 2. HP: 8/22 MP: 2/2
   904 | D:2      | Noticed Sigmund
   907 | D:2      | Killed Sigmund
   908 | D:2      | Reached XP level 3. HP: 28/28 MP: 3/3
   908 | D:2      | Gained mutation: You are partially covered in thin metallic
                  | scales. (AC +2) [demonic ancestry]
   908 | D:2      | Reached XP level 4. HP: 34/34 MP: 4/4
   908 | D:2      | Reached XP level 5. HP: 39/39 MP: 5/5
   937 | D:2      | Identified the +4 falchion of Makhleb's Displeasure {venom,
                  | Str+3}
  1150 | D:2      | Reached skill level 5 in Stealth
  1292 | D:2      | Noticed Terence
  1300 | D:2      | Killed Terence
  1649 | D:3      | Found a runed translucent gate.
  1649 | D:3      | Found a runed translucent gate.
  1649 | D:3      | Found a runed translucent gate.
  1649 | D:3      | Noticed zzuzz's ghost (amateur TrTm)
  1651 | D:3      | Found a basalt altar of Yredelemnul.
  1660 | D:3      | Reached XP level 6. HP: 46/46 MP: 6/6
  2032 | D:3      | Identified the +0 chain mail "Hero's Friend" {rPois rCorr}
  2085 | D:3      | Reached skill level 1 in Long Blades
  2751 | D:4      | Reached skill level 1 in Armour
  2751 | D:4      | Reached skill level 1 in Evocations
  2973 | D:3      | Gained mutation: Your demonic aura sometimes causes spilled
                  | blood to erupt in flames. [demonic ancestry]
  2973 | D:3      | Reached XP level 7. HP: 47/51 MP: 7/7
  3740 | D:5      | Entered Level 5 of the Dungeon
  3762 | D:5      | Found a snail-covered altar of Cheibriados.
  3896 | D:5      | Reached XP level 8. HP: 58/58 MP: 8/8
  4019 | D:5      | Found Saohis's Distillery.
  4028 | D:5      | Bought a potion of heal wounds for 75 gold pieces
  4028 | D:5      | Bought a potion of heal wounds for 75 gold pieces
  4028 | D:5      | Bought a potion of heal wounds for 75 gold pieces
  4775 | D:6      | Reached skill level 5 in Long Blades
  4775 | D:6      | Reached skill level 1 in Spellcasting
  4998 | D:6      | Gained mutation: You are mostly covered in thin metallic
                  | scales. (AC +3) [demonic ancestry]
  4998 | D:6      | Reached XP level 9. HP: 28/65 MP: 10/10
  5583 | D:6      | Found a staircase to the Ecumenical Temple.
  5606 | Temple   | Entered the Ecumenical Temple
  5606 | Temple   | Found a transporter.
  5606 | Temple   | Found a transporter.
  5608 | Temple   | Found a transporter.
  5608 | Temple   | Found a transporter.
  5719 | Temple   | Became a worshipper of Makhleb the Destroyer
  5895 | D:7      | Reached skill level 5 in Armour
  5931 | D:7      | Reached skill level 1 in Invocations
  5941 | D:7      | Learned a level 2 spell: Ensorcelled Hibernation
  5943 | D:7      | Learned a level 1 spell: Slow
  6042 | D:7      | Reached skill level 5 in Dodging
  6295 | D:7      | Noticed a two-headed ogre
  6296 | D:7      | Reached skill level 1 in Hexes
  6323 | D:7      | Killed a two-headed ogre
  6324 | D:7      | Reached skill level 2 in Invocations
  6324 | D:7      | Reached XP level 10. HP: 31/73 MP: 14/14
  6497 | D:7      | Reached * piety under Makhleb
  6751 | D:7      | Reached skill level 3 in Invocations
  6823 | D:7      | Noticed a two-headed ogre
  7295 | D:7      | Reached skill level 1 in Shields
  7424 | D:7      | Killed a two-headed ogre
  7425 | D:7      | Reached skill level 5 in Invocations
  7528 | D:7      | Noticed a cyclops
  7532 | D:7      | Reached skill level 6 in Invocations
  7538 | D:7      | Killed a cyclops
  7649 | D:7      | Reached skill level 7 in Invocations
  7901 | D:7      | Gained mutation: You have hoof-like feet. [demonic
                  | ancestry]
  7901 | D:7      | Reached XP level 11. HP: 78/78 MP: 16/16
  7949 | D:8      | Found Ivataum's General Store.
  7955 | D:8      | Bought 2 potions of heal wounds for 130 gold pieces
  7955 | D:8      | Bought a scroll of fear for 52 gold pieces
  8039 | D:8      | Bought 4 atropa-tipped darts for 46 gold pieces
  8058 | D:8      | Reached ** piety under Makhleb
  8995 | D:9      | Found a staircase to the Lair.
  9243 | D:9      | Reached skill level 5 in Shields
  9260 | D:9      | Reached skill level 8 in Invocations
  9271 | D:9      | Identified the +9 morningstar of Temagrom {vamp, Will+}
  9522 | D:9      | Found a staircase to the Orcish Mines.
  9582 | D:9      | Reached *** piety under Makhleb
  9913 | Orc:1    | Entered Level 1 of the Orcish Mines
  9913 | Orc:1    | Noticed an orc knight
 10002 | Lair:1   | Entered Level 1 of the Lair of Beasts
 10455 | Lair:1   | Reached skill level 9 in Invocations
 11155 | Lair:2   | Reached skill level 1 in Ice Magic
 11180 | Lair:2   | Found a hole to the Spider Nest.
 11211 | Lair:2   | Slain by a demonic crawler

Illustrated notes

Levels and vault maps discovered:
D:1:      minmay_arrival_plants_in_alcoves, layout_basic
D:2:      layout_loops_ring, uniq_terence, uniq_sigmund
D:3:      layout_loops_corners, nicolae_yredelemnul_ghost_church,
          patterned_corridor
D:4:      layout_cave_pools
D:5:      kb_forest_paths, layout_loops_ring, mainiacjoe_overflow_boulevard,
          serial_shops, shop
D:6:      layout_basic, minmay_temple_entry_antechambers
D:7:      nzn_winding_woodlands_large [nzn_winding_woodlands_5x5_perimeter,
          nzn_winding_woodlands_5x15_concentric,
          nzn_winding_woodlands_5x5_cross, nzn_winding_woodlands_center_lodge,
          nzn_winding_woodlands_15x15_thick_spiral,
          nzn_winding_woodlands_center_triple_pond,
          nzn_winding_woodlands_5x5_closed_star,
          nzn_winding_woodlands_5x15_pathside_ponds,
          nzn_winding_woodlands_5x5_default], layout_loops_ring
D:8:      layout_basic, serial_shops, shop
D:9:      layout_roguey, david_lair_shrubbed, david_orc_4
Temple:   hellmonk_temple_divided_pantheon
Lair:1:   wad_woods_structure_01, layout_chaotic_city, serial_forest,
          infiniplex_forest_lined_3, infiniplex_forest_straight_4,
          infiniplex_forest_lined_room_3, infiniplex_forest_clump_curved
Lair:2:   layout_cellular_growth, skrybe_swamp_entry_bodies,
          nicolae_spider_entry_non_spiders
Orc:1:    layout_diamond_mine, gammafunk_ghost_split, basic_altar

Skill      XL: |  1  2  3  4  5  6  7  8  9 10 11 |
---------------+----------------------------------+-----
Throwing       | 2 3 |  3.4
Dodging        | 1 2 3 4 5 |  5.5
Short Blades   | 2 |  2.4
Stealth        | 4 5 |  5.0
Long Blades    | 2 3 5 6 7 8 |  8.2
Armour         | 1 3 4 5 6 |  6.6
Evocations     | 1 2 3 4 |  4.4
Fighting       | 3 4 |  4.8
Spellcasting   | 1 3 4 |  4.1
Invocations    | 2 7 9 |  9.0
Hexes          | 1 2 |  2.5
Shields        | 4 6 |  6.2
Ice Magic      | 1 |  1.1

Action                     |  1- 3 |  4- 6 |  7- 9 | 10-12 || total
---------------------------+-------+-------+-------+-------++-------
  Melee: Dagger            |    38 |       |       |       ||    38
         Kick              |     7 |    20 |    89 |   125 ||   241
         Falchion          |       |    95 |   227 |   359 ||   681
         Punch             |       |     1 |     1 |       ||     2
         Battleaxe         |       |       |    15 |     1 ||    16
  Throw: Dart              |    16 |    12 |    21 |    48 ||    97
 Invoke: Minor Destruction |       |       |       |    29 ||    29
  Evoke: Wand              |       |     4 |     7 |    39 ||    50
    Use: Scroll            |       |       |     5 |     1 ||     6
         Potion            |       |       |       |     9 ||     9
   Stab: Sleeping          |     4 |    14 |     6 |       ||    24
         Distracted        |       |       |     1 |       ||     1
         Paralysed         |       |       |       |     2 ||     2
 Armour: Robe              |    11 |     6 |       |       ||    17
         Skin              |       |     5 |       |       ||     5
         Leather armour    |       |    47 |    43 |       ||    90
         Chain mail        |       |       |   105 |   142 ||   247
         Scale mail        |       |       |       |    14 ||    14
  Dodge: Dodged            |    18 |    74 |   141 |   147 ||   380
  Block: Kite shield       |       |       |       |   151 ||   151
